General information
- name: BNet
- type: Ladder team game (AT/RT)
- host: Battle.net
- saver: ankhtifi
map: Deadlock
- players: 8
- length: 53:13
- speed: Fast
- version: 1.26 W3XP
- replay type: Public
» download(305 KB)
Players
team 1 (loser)
FckReligionSrsl (
green | 32 APM | 1654 actions | 52:17)
8 Paladin
3 Holy Light
3 Devotion Aura
1 Resurrection
1 Divine Shield
» actions
| Assign group hotkey | 23 | |
| Build / train | 94 | |
| ESC pressed | 2 | |
| Enter build submenu | 44 | |
| Enter hero's abilities submenu | 8 | |
| Remove unit from queue | 7 | |
| Right click | 968 | |
| Select / deselect | 431 | |
| Select group hotkey | 18 | |
| Use ability | 59 | |
1654 total
» units
| Peasant | 15 | |
| Footman | 10 | |
| Knight | 17 | |
| Rifleman | 21 | |
63 total
» upgrades
| Masonry | 2 | |
| Swords | 3 | |
| Plating | 1 | |
| Animal War Training | 1 | |
| Long Rifles | 1 | |
| Gunpowder | 1 | |
9 total
» buildings
| Farm | 17 | |
| Altar of Kings | 1 | |
| Barracks | 2 | |
| Lumber Mill | 1 | |
| Keep | 1 | |
| Blacksmith | 1 | |
| Scout Tower | 12 | |
| Guard Tower | 4 | |
| Castle | 1 | |
| Arcane Tower | 0 | |
| Town Hall | 3 | |
43 total
» build order
01:04 Farm
01:18 Altar of Kings
01:38 Barracks
01:51 Farm
02:24 Farm
02:49 Lumber Mill
03:12 Farm
03:30 Keep
04:12 Blacksmith
04:19 Farm
04:41 Scout Tower
04:44 Scout Tower
05:03 Farm
05:12 Guard Tower
06:17 Farm
06:19 Castle
06:21 Scout Tower
06:22 Arcane Tower
06:52 Scout Tower
06:58 Farm
07:27 Scout Tower
07:32 Guard Tower
07:50 Barracks
08:00 Scout Tower
08:30 Guard Tower
08:33 Scout Tower
09:21 Scout Tower
09:42 Farm
11:09 Farm
13:22 Farm
14:02 Farm
14:35 Guard Tower
17:04 Town Hall
23:08 Town Hall
35:50 Town Hall
38:32 Scout Tower
39:04 Scout Tower
39:29 Guard Tower
39:33 Scout Tower
39:38 Scout Tower
39:42 Arcane Tower
40:49 Farm
41:34 Farm
42:24 Farm
43:39 Farm
44:19 Farm
ankhtifi (
purple | 67 APM | 3575 actions | 53:13)
10 Death Knight
3 Death Coil
3 Unholy Aura
1 Animate Dead
3 Death Pact
» actions
| Assign group hotkey | 712 | |
| Basic commands | 83 | |
| Build / train | 116 | |
| Enter build submenu | 37 | |
| Enter hero's abilities submenu | 10 | |
| Give item / drop item | 3 | |
| Remove unit from queue | 5 | |
| Right click | 1488 | |
| Select / deselect | 573 | |
| Select group hotkey | 402 | |
| Use ability | 146 | |
3575 total
» units
| Acolyte | 18 | |
| Ghoul | 7 | |
| Frost Wyrm | 15 | |
| Gargoyle | 15 | |
55 total
» upgrades
| Creature Attack | 3 | |
| Creature Carapace | 3 | |
| Freezing Breath | 1 | |
| Stone Form | 1 | |
8 total
» buildings
| Crypt | 4 | |
| Ziggurat | 31 | |
| Altar of Darkness | 1 | |
| Graveyard | 1 | |
| Tomb of Relics | 1 | |
| Halls of the Dead | 5 | |
| Nerubian Tower | 1 | |
| Black Citadel | 1 | |
| Sacrificial Pit | 1 | |
| Spirit Tower | 10 | |
| Boneyard | 4 | |
60 total
» build order
00:12 Crypt
00:15 Ziggurat
00:51 Altar of Darkness
01:17 Ziggurat
02:23 Graveyard
02:28 Tomb of Relics
03:31 Halls of the Dead
03:31 Halls of the Dead
03:31 Halls of the Dead
03:32 Halls of the Dead
04:23 Nerubian Tower
05:32 Ziggurat
06:45 Ziggurat
06:45 Ziggurat
06:46 Ziggurat
07:40 Black Citadel
07:48 Sacrificial Pit
09:10 Spirit Tower
09:30 Ziggurat
09:30 Ziggurat
09:31 Ziggurat
10:14 Boneyard
10:17 Boneyard
10:32 Spirit Tower
10:42 Spirit Tower
10:46 Spirit Tower
14:16 Boneyard
17:42 Ziggurat
17:43 Ziggurat
17:43 Ziggurat
18:05 Crypt
18:05 Crypt
18:06 Crypt
19:55 Boneyard
23:03 Spirit Tower
23:04 Ziggurat
23:05 Ziggurat
23:16 Ziggurat
23:16 Ziggurat
23:16 Ziggurat
23:17 Ziggurat
23:17 Ziggurat
25:39 Spirit Tower
32:53 Ziggurat
32:53 Ziggurat
32:54 Ziggurat
32:54 Ziggurat
34:00 Spirit Tower
36:02 Ziggurat
36:03 Ziggurat
37:30 Spirit Tower
41:15 Ziggurat
41:15 Ziggurat
41:15 Ziggurat
41:15 Ziggurat
41:16 Ziggurat
41:16 Ziggurat
42:13 Spirit Tower
43:01 Spirit Tower
» items
| Rod of Necromancy | 4 | |
| Staff of Teleportation | 1 | |
| Potion of Invisibility | 1 | |
| Boots of Speed | 2 | |
| Periapt of Vitality | 1 | |
| Potion of Mana | 2 | |
| Scroll of Town Portal | 4 | |
| Scroll of Healing | 4 | |
| Orb of Corruption | 1 | |
20 total
StraightGhosted (
pink | 52 APM | 1345 actions | 26:04)
8 Far Seer
3 Feral Spirit
3 Chain Lighting
1 Earth Quake
1 Far Sight
» actions
| Assign group hotkey | 40 | |
| Basic commands | 87 | |
| Build / train | 83 | |
| Enter build submenu | 26 | |
| Enter hero's abilities submenu | 9 | |
| Give item / drop item | 1 | |
| Remove unit from queue | 2 | |
| Right click | 290 | |
| Select / deselect | 337 | |
| Select group hotkey | 387 | |
| Use ability | 83 | |
1345 total
» units
| Peon | 14 | |
| Grunt | 8 | |
| Shaman | 8 | |
| Raider | 11 | |
| Troll Witch Doctor | 5 | |
| Tauren | 3 | |
49 total
» upgrades
| Melee Weapons | 3 | |
| Armor | 2 | |
| Shaman Training | 2 | |
| Witch Doctor Training | 2 | |
| Reinforced Defenses | 1 | |
| Ensnare | 1 | |
| Pillage | 1 | |
| Pulverize | 1 | |
13 total
» buildings
| Altar of Storms | 1 | |
| Barracks | 1 | |
| Orc Burrow | 6 | |
| War Mill | 1 | |
| Voodoo Lounge | 1 | |
| Watch Tower | 4 | |
| Stronghold | 1 | |
| Fortress | 1 | |
| Spirit Lodge | 1 | |
| Great Hall | 2 | |
| Tauren Totem | 1 | |
| Beastiary | 1 | |
21 total
» build order
00:05 Altar of Storms
00:07 Barracks
00:12 Orc Burrow
01:54 Orc Burrow
02:43 War Mill
02:57 Voodoo Lounge
04:25 Orc Burrow
05:55 Watch Tower
05:56 Stronghold
07:38 Watch Tower
07:44 Orc Burrow
08:30 Fortress
08:34 Spirit Lodge
09:22 Watch Tower
09:30 Watch Tower
10:33 Great Hall
12:17 Tauren Totem
12:26 Beastiary
13:25 Orc Burrow
15:03 Great Hall
18:56 Orc Burrow
» items
| Boots of Speed | 1 | |
| Healing Salve | 3 | |
| Lesser Clarity Potion | 2 | |
| Circlet of Nobility | 1 | |
| Scroll of Town Portal | 2 | |
| Orb of Lightning | 1 | |
10 total

»
LordRahl (
yellow | 37 APM | 937 actions | 25:40)
3 Death Knight
2 Death Coil
1 Unholy Aura
» actions
| Assign group hotkey | 22 | |
| Basic commands | 26 | |
| Build / train | 76 | |
| Enter build submenu | 18 | |
| Enter hero's abilities submenu | 2 | |
| Remove unit from queue | 11 | |
| Right click | 301 | |
| Select / deselect | 391 | |
| Select group hotkey | 39 | |
| Use ability | 51 | |
937 total
» units
| Acolyte | 28 | |
| Ghoul | 7 | |
| Obsidian Statue | 3 | |
| Meatwagon | 1 | |
| Abomination | 6 | |
| Crypt Fiend | 2 | |
47 total
» upgrades
| Cannibalize | 1 | |
| Unholy Strength | 2 | |
| Unholy Armor | 2 | |
| Exhume Corpses | 1 | |
| Disease Cloud | 1 | |
| Ghoul Frenzy | 1 | |
| Web | 1 | |
| Burrow | 1 | |
10 total
» buildings
| Altar of Darkness | 1 | |
| Ziggurat | 12 | |
| Crypt | 1 | |
| Graveyard | 1 | |
| Nerubian Tower | 2 | |
| Tomb of Relics | 1 | |
| Halls of the Dead | 1 | |
| Spirit Tower | 3 | |
| Black Citadel | 1 | |
| Slaughterhouse | 2 | |
| Sacrificial Pit | 1 | |
26 total
» build order
00:26 Altar of Darkness
00:35 Ziggurat
01:01 Crypt
01:24 Graveyard
01:28 Nerubian Tower
02:34 Tomb of Relics
02:51 Ziggurat
03:25 Halls of the Dead
04:59 Ziggurat
05:00 Spirit Tower
05:57 Black Citadel
06:03 Slaughterhouse
06:18 Sacrificial Pit
06:43 Ziggurat
08:35 Slaughterhouse
09:03 Spirit Tower
12:51 Ziggurat
12:52 Ziggurat
12:53 Ziggurat
14:18 Ziggurat
15:53 Ziggurat
15:54 Ziggurat
18:35 Ziggurat
18:45 Ziggurat
19:50 Spirit Tower
19:52 Nerubian Tower
» items
| Orb of Corruption | 1 | |
| Potion of Healing | 1 | |
2 total
team 2 (winner)
RANGERSONLYFTW (
orange | 37 APM | 1853 actions | 49:26)
10 Priestess of the Moon
3 Searing Arrows
3 Trueshot Aura
1 Starfall
3 Scout
2 Keeper of the Grove
1 Entangling Roots
1 Thorns Aura
» actions
| Basic commands | 21 | |
| Build / train | 186 | |
| Enter build submenu | 29 | |
| Enter hero's abilities submenu | 12 | |
| Give item / drop item | 2 | |
| Right click | 693 | |
| Select / deselect | 825 | |
| Use ability | 85 | |
1853 total
» units
| Wisp | 44 | |
| Archer | 55 | |
| Peasant | 8 | |
| Hippogryph | 19 | |
| Chimaera | 3 | |
129 total
» upgrades
| Ultravision | 1 | |
| Strength of the Moon | 3 | |
| Nature's Blessing | 1 | |
| Moon Armor | 3 | |
| Improved Bows | 1 | |
| Marksmanship | 1 | |
| Well Spring | 1 | |
| Sentinel | 1 | |
| Upgrade Moon Glaive | 1 | |
| Strength of the Wild | 3 | |
| Reinforced Hides | 3 | |
| Corrosive Breath | 1 | |
20 total
» buildings
| Moon Well | 8 | |
| Altar of Elders | 1 | |
| Ancient of War | 6 | |
| Hunter's Hall | 1 | |
| Tree of Ages | 3 | |
| Tree of Life | 4 | |
| Ancient of Wonders | 3 | |
| Tree of Eternity | 2 | |
| Keep | 1 | |
| Ancient of Wind | 2 | |
| Chimaera Roost | 2 | |
33 total
» build order
00:17 Moon Well
00:38 Altar of Elders
01:23 Ancient of War
01:26 Ancient of War
01:40 Moon Well
02:34 Hunter's Hall
02:58 Tree of Ages
05:03 Tree of Life
05:10 Moon Well
05:15 Ancient of War
05:25 Ancient of Wonders
06:41 Tree of Eternity
06:59 Moon Well
07:07 Moon Well
10:01 Moon Well
10:09 Moon Well
10:59 Moon Well
19:28 Keep
22:41 Tree of Life
25:17 Tree of Life
26:49 Ancient of Wonders
29:42 Ancient of War
29:46 Ancient of War
29:49 Ancient of War
32:03 Tree of Ages
35:50 Tree of Life
36:00 Tree of Ages
38:22 Tree of Eternity
38:42 Ancient of Wind
38:46 Ancient of Wind
40:05 Ancient of Wonders
43:55 Chimaera Roost
43:59 Chimaera Roost
» items
| Boots of Speed | 2 | |
| Potion of Lesser Invulnerability | 1 | |
| Orb of Venom | 2 | |
| Potion of Healing | 3 | |
| Scroll of Town Portal | 6 | |
| Anti-magic Potion | 1 | |
| Scroll of Healing | 1 | |
| Scroll of Protection | 1 | |
17 total
dolphin_page (
teal | 66 APM | 3526 actions | 53:13)
10 Blood Mage
3 Flame Strike
3 Siphon Mana
1 Summon Phoenix
3 Banish
» actions
| Assign group hotkey | 36 | |
| Basic commands | 176 | |
| Build / train | 206 | |
| ESC pressed | 7 | |
| Enter build submenu | 55 | |
| Enter hero's abilities submenu | 10 | |
| Give item / drop item | 12 | |
| Right click | 1448 | |
| Select / deselect | 557 | |
| Select group hotkey | 748 | |
| Use ability | 271 | |
3526 total
» units
| Peasant | 29 | |
| Footman | 13 | |
| Sorceress | 3 | |
| Gryphon Rider | 8 | |
| Dragonhawk Rider | 4 | |
57 total
» upgrades
| Defend | 1 | |
| Masonry | 4 | |
| Swords | 3 | |
| Lumber Harvesting | 2 | |
| Armor | 3 | |
| Sorceress Training | 2 | |
| Magic Sentry | 1 | |
| Animal War Training | 1 | |
| Storm Hammers | 1 | |
| Cloud | 1 | |
| Plating | 3 | |
| Gunpowder | 3 | |
| Priest Training | 2 | |
27 total
» buildings
| Altar of Kings | 1 | |
| Barracks | 1 | |
| Farm | 12 | |
| Town Hall | 3 | |
| Arcane Vault | 1 | |
| Lumber Mill | 1 | |
| Scout Tower | 22 | |
| Arcane Tower | 2 | |
| Keep | 2 | |
| Blacksmith | 1 | |
| Guard Tower | 56 | |
| Castle | 3 | |
| Arcane Sanctum | 1 | |
| Gryphon Aviary | 4 | |
110 total
» build order
00:03 Altar of Kings
00:06 Barracks
00:11 Farm
01:21 Farm
01:53 Farm
03:30 Town Hall
03:33 Arcane Vault
05:07 Lumber Mill
05:11 Scout Tower
06:02 Arcane Tower
06:26 Farm
06:46 Keep
07:06 Scout Tower
07:08 Scout Tower
07:09 Scout Tower
07:51 Blacksmith
08:04 Guard Tower
08:42 Scout Tower
08:46 Scout Tower
08:51 Scout Tower
08:55 Scout Tower
09:00 Scout Tower
09:05 Scout Tower
09:18 Castle
09:18 Castle
09:18 Guard Tower
09:19 Guard Tower
09:19 Guard Tower
09:24 Arcane Sanctum
09:29 Guard Tower
09:30 Guard Tower
09:31 Guard Tower
09:31 Guard Tower
09:31 Guard Tower
09:35 Guard Tower
09:35 Guard Tower
09:35 Guard Tower
09:35 Guard Tower
09:36 Guard Tower
09:46 Guard Tower
10:00 Scout Tower
10:24 Farm
11:56 Gryphon Aviary
12:43 Gryphon Aviary
12:58 Scout Tower
13:04 Farm
13:06 Scout Tower
13:16 Farm
13:19 Farm
13:55 Guard Tower
13:55 Guard Tower
14:01 Farm
14:12 Guard Tower
15:47 Farm
16:10 Gryphon Aviary
16:53 Scout Tower
17:03 Farm
17:41 Guard Tower
17:41 Guard Tower
18:50 Gryphon Aviary
22:24 Farm
30:24 Scout Tower
30:25 Scout Tower
30:26 Scout Tower
30:27 Scout Tower
30:29 Scout Tower
31:26 Guard Tower
31:26 Guard Tower
31:27 Guard Tower
31:27 Guard Tower
31:27 Guard Tower
31:28 Guard Tower
31:28 Guard Tower
31:28 Guard Tower
31:28 Guard Tower
33:51 Town Hall
33:54 Town Hall
35:07 Scout Tower
36:06 Guard Tower
36:06 Guard Tower
45:31 Scout Tower
47:07 Scout Tower
47:33 Guard Tower
47:34 Guard Tower
47:34 Guard Tower
» items
| Scroll of Regeneration | 15 | |
| Mechanical Critter | 1 | |
| Boots of Speed | 1 | |
| Staff of Teleportation | 1 | |
| Lesser Clarity Potion | 8 | |
| Potion of Invisibility | 1 | |
| Potion of Healing | 3 | |
| Scroll of Town Portal | 7 | |
37 total
Coatspin (
blue | 65 APM | 3062 actions | 47:15)
9 Mountain King
3 Storm Bolt
3 Bash
1 Avatar
2 Thunder Clap
» actions
| Assign group hotkey | 299 | |
| Basic commands | 224 | |
| Build / train | 124 | |
| ESC pressed | 4 | |
| Enter build submenu | 48 | |
| Enter hero's abilities submenu | 11 | |
| Give item / drop item | 2 | |
| Remove unit from queue | 1 | |
| Right click | 922 | |
| Select / deselect | 437 | |
| Select group hotkey | 769 | |
| Use ability | 221 | |
3062 total
» units
| Peasant | 17 | |
| Footman | 9 | |
| Spell Breaker | 17 | |
| Dragonhawk Rider | 12 | |
55 total
» upgrades
| Masonry | 2 | |
| Magic Sentry | 1 | |
| Lumber Harvesting | 1 | |
| Swords | 3 | |
| Plating | 2 | |
| Armor | 3 | |
| Animal War Training | 1 | |
| Cloud | 1 | |
14 total
» buildings
| Altar of Kings | 1 | |
| Farm | 11 | |
| Barracks | 1 | |
| Scout Tower | 19 | |
| Lumber Mill | 1 | |
| Arcane Tower | 6 | |
| Arcane Vault | 1 | |
| Keep | 2 | |
| Arcane Sanctum | 4 | |
| Town Hall | 3 | |
| Guard Tower | 13 | |
| Blacksmith | 1 | |
| Castle | 1 | |
| Gryphon Aviary | 3 | |
67 total
» build order
00:29 Altar of Kings
00:51 Farm
01:20 Barracks
01:34 Scout Tower
01:56 Farm
02:01 Lumber Mill
02:19 Arcane Tower
02:27 Arcane Vault
02:36 Scout Tower
03:09 Arcane Tower
03:14 Farm
03:40 Farm
04:08 Keep
07:01 Arcane Sanctum
07:03 Arcane Sanctum
07:18 Scout Tower
07:19 Scout Tower
07:22 Town Hall
07:52 Guard Tower
08:04 Guard Tower
08:07 Arcane Tower
08:16 Farm
08:18 Farm
09:19 Scout Tower
09:20 Scout Tower
09:27 Arcane Tower
09:49 Guard Tower
10:00 Guard Tower
10:02 Guard Tower
10:13 Guard Tower
10:18 Scout Tower
10:19 Scout Tower
10:20 Scout Tower
10:21 Scout Tower
10:22 Scout Tower
10:36 Farm
10:51 Guard Tower
10:54 Guard Tower
11:05 Guard Tower
11:43 Blacksmith
12:28 Castle
13:13 Arcane Sanctum
13:16 Arcane Sanctum
13:54 Keep
15:02 Farm
15:04 Farm
15:05 Farm
19:50 Farm
19:51 Gryphon Aviary
19:52 Gryphon Aviary
19:53 Gryphon Aviary
22:37 Scout Tower
23:09 Guard Tower
28:12 Scout Tower
28:13 Scout Tower
28:13 Scout Tower
28:14 Scout Tower
28:18 Scout Tower
28:39 Town Hall
28:41 Guard Tower
28:46 Guard Tower
29:13 Guard Tower
29:15 Arcane Tower
31:41 Scout Tower
35:56 Town Hall
45:33 Scout Tower
46:00 Arcane Tower
» items
| Scroll of Regeneration | 2 | |
| Lesser Clarity Potion | 2 | |
| Ivory Tower | 6 | |
| Potion of Healing | 4 | |
| Scroll of Town Portal | 3 | |
| Potion of Mana | 3 | |
| Staff of Sanctuary | 1 | |
| Orb of Fire | 1 | |
22 total
lolx2 (
red | 66 APM | 1188 actions | 17:54)
3 Archmage
1 Summon Water Elemental
2 Brilliance Aura
» actions
| Assign group hotkey | 22 | |
| Basic commands | 15 | |
| Build / train | 63 | |
| ESC pressed | 2 | |
| Enter build submenu | 23 | |
| Enter hero's abilities submenu | 3 | |
| Give item / drop item | 2 | |
| Remove unit from queue | 2 | |
| Right click | 399 | |
| Select / deselect | 252 | |
| Select group hotkey | 361 | |
| Use ability | 44 | |
1188 total
» units
| Peasant | 13 | |
| Rifleman | 7 | |
| Mortar Team | 3 | |
| Knight | 6 | |
| Siege Engine | 4 | |
33 total
» upgrades
| Gunpowder | 1 | |
| Plating | 1 | |
| Armor | 2 | |
| Long Rifles | 1 | |
| Flare | 1 | |
| Fragmentation Shards | 1 | |
| Lumber Harvesting | 2 | |
| Animal War Training | 1 | |
| Barrage | 1 | |
| Swords | 1 | |
12 total
» buildings
| Altar of Kings | 1 | |
| Farm | 11 | |
| Lumber Mill | 1 | |
| Blacksmith | 1 | |
| Barracks | 2 | |
| Arcane Vault | 1 | |
| Keep | 1 | |
| Town Hall | 1 | |
| Castle | 1 | |
| Workshop | 2 | |
| Scout Tower | 3 | |
| Guard Tower | 3 | |
28 total
» build order
00:06 Altar of Kings
00:12 Farm
00:13 Farm
00:25 Lumber Mill
01:22 Blacksmith
01:52 Barracks
02:00 Arcane Vault
02:49 Farm
03:34 Keep
04:08 Farm
04:57 Barracks
05:35 Farm
06:28 Town Hall
06:39 Castle
06:43 Workshop
07:00 Workshop
08:25 Scout Tower
08:26 Scout Tower
08:27 Scout Tower
08:47 Farm
09:16 Guard Tower
10:15 Guard Tower
11:25 Farm
11:28 Farm
12:00 Guard Tower
13:50 Farm
13:53 Farm
15:27 Farm
» items
| Scroll of Regeneration | 3 | |
| Potion of Healing | 2 | |
| Scroll of Town Portal | 1 | |
6 total
Chat log
(00:28 / Allies) LordRahl: hi
(00:38 / 6) ankhtifi: you guys staying?
(00:39 / Allies) StraightGhosted: hi
(00:39 / 5) dolphin_page: I'm bot left he is bot mid
(00:43 / Allies) LordRahl: CC?
(00:53 / Allies) StraightGhosted: sure
(00:56 / Allies) StraightGhosted: units?
(01:07 / Allies) ankhtifi: wyrms
(01:09 / Allies) LordRahl: fiends wyr,ms
(01:11 / Allies) LordRahl: oh
(01:14 / Allies) LordRahl: aboms
(01:49 / 5) dolphin_page: he asked what to do so I told him to play it out normally then at the end stab, which is what we normally would always do on th
(01:50 / 5) dolphin_page: same team
(01:51 / 6) ankhtifi: we should try to get teelo to leave, then say let's play again in 20 minutes
(02:09 / 6) ankhtifi: that way i can stab my team
(02:18 / Allies) FckReligionSrsl: knights
(03:01 / 6) ankhtifi: give me warning if tries to flamestrike me
(05:21 / 5) dolphin_page: teelo lost his mk to creeps
(05:25 / 6) ankhtifi: lawl
(06:17 / 5) dolphin_page: oj and red both expoing, they are each left side
(07:32 / 6) ankhtifi: green is following me killing weak creeps like a retard
(07:42 / 5) dolphin_page: lol
(09:43 / Allies) ankhtifi: gold?
(10:01 / Allies) FckReligionSrsl: got knights
(10:39 / Allies) FckReligionSrsl: could i plz get 100 gold each
(10:50 / Allies) FckReligionSrsl: ty
(10:54 / Allies) FckReligionSrsl: speeds up the production
(11:01 / Allies) LordRahl: attack soon
(11:07 / 6) ankhtifi: my team is retarded
(11:21 / 6) ankhtifi: he doesn'ty have expo you just raped the fuck out of him
(11:28 / Allies) FckReligionSrsl: im ready to wage warfare
(11:28 / 6) ankhtifi: teelo expo?
(11:37 / 6) ankhtifi: "im ready to wage warfare" - retard green
(11:38 / Allies) LordRahl: god damn
(11:39 / 5) dolphin_page: yeah to the right of his base near pink
(11:41 / Allies) LordRahl: killeed my acos
(11:57 / Allies) ankhtifi: better keep a shade in your base
(13:13 / Allies) LordRahl: goda damn
(13:49 / Allies) StraightGhosted: meet
(13:59 / Allies) ankhtifi: come green
(14:24 / Allies) FckReligionSrsl: k
(14:33 / Allies) StraightGhosted: wood plz
(14:44 / Allies) LordRahl: wood for gold?
(14:59 / Allies) FckReligionSrsl: wipe
(15:14 / Allies) FckReligionSrsl: hit
(15:19 / Allies) ankhtifi: lead green
(15:20 / Allies) LordRahl: lol we have nothing gg
(15:54 / 6) ankhtifi: don't tp
(16:00 / 5) dolphin_page: red "tp u fucxkers"
(16:38 / Allies) FckReligionSrsl: press
(16:39 / Allies) FckReligionSrsl: charge
(17:20 / Allies) FckReligionSrsl: ya
(17:23 / Allies) FckReligionSrsl: press charge!
(17:27 / All) FckReligionSrsl: YES
(17:36 / All) FckReligionSrsl: we broke you orange
(17:48 / All) dolphin_page: Nice try, yellow.
(17:53 / All) dolphin_page: Can't defend it even with shade LOL.
(18:02 / All) LordRahl: yea lol
(18:04 / 5) dolphin_page: "wow u guys should uistall this game"
(18:04 / All) LordRahl: i know
(18:06 / All) FckReligionSrsl: gg
(18:13 / All) LordRahl: :/
(18:24 / 5) dolphin_page: your team is mostly melee, good for us
(19:17 / 5) dolphin_page: teelo went breakers lol
(19:37 / Allies) FckReligionSrsl: we need to press charge
(20:05 / Allies) FckReligionSrsl: pink units
(21:54 / Allies) FckReligionSrsl: blues army is wiped
(21:56 / Allies) FckReligionSrsl: hit ?
(23:33 / 6) ankhtifi: don't get dhawks
(23:44 / 5) dolphin_page: onyl making a few
(23:52 / Allies) FckReligionSrsl: shitty
(24:04 / Allies) FckReligionSrsl: regroup
(24:19 / All) LordRahl: Omg purple u have 3500 gold
(24:44 / Allies) ankhtifi: I'll tp after starfall
(25:11 / Allies) FckReligionSrsl: defend pink
(25:20 / Allies) LordRahl: should have gone there
(25:23 / Allies) FckReligionSrsl: purp?
(25:27 / Allies) FckReligionSrsl: nvm
(25:28 / Allies) FckReligionSrsl: too latwe
(25:29 / 6) ankhtifi: don't get dhawks
(25:30 / Allies) FckReligionSrsl: making snipers
(25:37 / Allies) FckReligionSrsl: im about to die
(25:37 / 5) dolphin_page: those are the only 4 I will make
(25:47 / All) Coatspin: HAHA OWNED BITCHES
(25:48 / 6) ankhtifi: it will be too obv if yo udon't ensnare me
(25:54 / Allies) ankhtifi: take over yellow
(26:05 / 5) dolphin_page: I'll kill them when I got to my base and he probably won't notice
(26:18 / 5) dolphin_page: red is right above that btw rebuilding
(26:23 / Allies) FckReligionSrsl: purp we need that army dead
(26:37 / 5) dolphin_page: oj moved his tree to the southern mine just below his base
(27:30 / Allies) FckReligionSrsl: there goes the expo
(27:39 / 5) dolphin_page: we hitting green's expo
(27:40 / Allies) ankhtifi: expand there
(27:46 / Allies) FckReligionSrsl: where
(27:52 / Allies) ankhtifi: come to me
(27:57 / Allies) ankhtifi: with yoru units
(28:03 / 5) dolphin_page: will be really obvious this game imo, this usually doesn't happen twice in a row to people
(28:09 / Allies) ankhtifi: we'll defend yoiur abse
(28:17 / Allies) FckReligionSrsl: k
(28:19 / Allies) ankhtifi: we gotta make him leave in despair
(28:20 / All) dolphin_page: Purple, will you be willing to leave your computer on all night to get the win? What about you, orange?
(28:25 / 6) ankhtifi: we gotta make him leave in despiar
(28:36 / All) ankhtifi: you aren't winning faggot
(28:44 / All) Coatspin: oh?
(29:04 / Allies) ankhtifi: back
(29:10 / Allies) ankhtifi: out g reen
(29:12 / 5) dolphin_page: you can remax right?
(29:13 / Allies) ankhtifi: tp
(29:20 / 5) dolphin_page: teelo only has 200 gold
(29:22 / Allies) FckReligionSrsl: bleh
(29:23 / Allies) FckReligionSrsl: gg
(29:26 / Allies) FckReligionSrsl: we fought to the last
(29:34 / All) dolphin_page: most effective flame strike ever
(29:35 / All) ankhtifi: no green we didn't fight till the last lol
(29:37 / All) Coatspin: hey whered your frosts and rifles go
(29:37 / All) ankhtifi: well I guess you did
(29:38 / All) dolphin_page: all them farms
(29:47 / All) ankhtifi: refused to tp
(30:04 / Allies) FckReligionSrsl: oh
(30:07 / Allies) FckReligionSrsl: u shouldnt have tpd
(30:13 / Allies) FckReligionSrsl: i was taking out the nets
(30:15 / Allies) ankhtifi: I told you to when you ahd full army
(31:05 / All) ankhtifi: where's your mk
(31:08 / 5) dolphin_page: I had no tp, perfect excuse
(31:11 / 6) ankhtifi: stop the ptom real fast
(31:24 / 5) dolphin_page: towering oj's expo
(31:32 / 5) dolphin_page: then gonna take it for my own
(31:55 / Allies) FckReligionSrsl: just taking over
(32:27 / 6) ankhtifi: how much gold does teelo hgave
(32:35 / 5) dolphin_page: 220
(32:48 / Allies) FckReligionSrsl: yup
(32:53 / 5) dolphin_page: his expo only has 1.1k left
(33:00 / Allies) FckReligionSrsl: peasants r worthless
(33:12 / Allies) FckReligionSrsl: theyre rebuilding orange
(34:05 / Allies) FckReligionSrsl: 200 gold plz?
(34:07 / Allies) ankhtifi: take that
(34:18 / Allies) FckReligionSrsl: 100 more
(34:19 / Allies) FckReligionSrsl: lol..
(34:43 / Allies) FckReligionSrsl: ya
(34:44 / Allies) FckReligionSrsl: wipe em
(34:45 / Allies) FckReligionSrsl: lol
(35:28 / Allies) FckReligionSrsl: hmm
(35:31 / Allies) FckReligionSrsl: let me try
(35:34 / 5) dolphin_page: I got no gold either now lol
(35:34 / Allies) FckReligionSrsl: 100 gold plz
(35:39 / 6) ankhtifi: where is his hero
(35:48 / 5) dolphin_page: with his army near the expo we just hit
(35:50 / 5) dolphin_page: south of it
(35:57 / Allies) FckReligionSrsl: they will try tp espo this shortle
(36:00 / Allies) FckReligionSrsl: shortly
(36:01 / 5) dolphin_page: going to shop
(36:24 / 5) dolphin_page: he is making an expo right of goblin shop
(36:26 / 5) dolphin_page: his hero is there
(37:09 / 5) dolphin_page: you need to let us win once or he will leave
(37:18 / 5) dolphin_page: oh that's your intention right, nvm
(37:21 / 6) ankhtifi: that's the point he needs to leave
(37:26 / 6) ankhtifi: so I can kill green
(37:26 / Allies) FckReligionSrsl: ima tower right away
(37:31 / 5) dolphin_page: yeah, I remember the plan now
(37:43 / 6) ankhtifi: attack the mine not the acos
(37:58 / 6) ankhtifi: where is the mk
(38:20 / Allies) FckReligionSrsl: yay
(38:22 / 5) dolphin_page: my base, he told me to staff it and shared control. won't let me staff allies
(38:34 / 5) dolphin_page: he is going to his base i think
(38:46 / 5) dolphin_page: ner the shop
(39:28 / 5) dolphin_page: no way that we had that
(39:32 / 5) dolphin_page: just wanted the hero?
(39:37 / 5) dolphin_page: we hitting green now
(39:47 / 6) ankhtifi: yeah I want to wait till avatar is dropped
(40:05 / 5) dolphin_page: let us kill it
(40:07 / Allies) FckReligionSrsl: got my hero back
(40:12 / Allies) FckReligionSrsl: ty
(40:15 / 5) dolphin_page: he might have left
(40:18 / 6) ankhtifi: where is his hero
(40:27 / 5) dolphin_page: his base
(40:31 / Allies) FckReligionSrsl: fck the towers
(40:32 / Allies) FckReligionSrsl: lol
(40:35 / Allies) FckReligionSrsl: units
(40:36 / 5) dolphin_page: inside near his aviaries
(40:45 / 5) dolphin_page: left side near the mill
(40:58 / All) ankhtifi: why aren't you so cocky
(41:08 / Allies) FckReligionSrsl: hopefully they wont farm hide
(41:26 / 6) ankhtifi: gonna have to attack you to so he leaves
(41:51 / 5) dolphin_page: gonna hit one of your expos so I'm not at my base while it dies
(42:00 / 5) dolphin_page: I have no gold
(42:14 / All) FckReligionSrsl: lol?
(42:41 / 5) dolphin_page: I have no tp btw
(43:35 / 6) ankhtifi: what is teelo saying lawl
(43:50 / Allies) ankhtifi: scout
(43:57 / 5) dolphin_page: nothing, just "tp staff lol" "mmm" "damn dude we could've had this if youd just worked with orange" "now those dicks are going
(44:02 / 5) dolphin_page: to think they're so cool when they win"
(45:11 / 6) ankhtifi: does teelo never leave or what lawl
(45:20 / 5) dolphin_page: I guess
(45:21 / 6) ankhtifi: wow
(45:33 / 6) ankhtifi: why did you not tell me
(45:44 / 5) dolphin_page: tell you what?
(45:46 / 6) ankhtifi: about orange
(45:49 / 6) ankhtifi: he massed hippos
(45:56 / 5) dolphin_page: I completely forgot about him lol
(46:02 / 5) dolphin_page: when his tree died I thought it was his last hall
(46:17 / 6) ankhtifi: this is not good
(46:22 / 6) ankhtifi: lose your bm
(46:28 / 5) dolphin_page: why?
(46:32 / 6) ankhtifi: because I can't defeat you all
(46:50 / All) FckReligionSrsl: motherfucker
(46:51 / All) FckReligionSrsl: die
(47:02 / 6) ankhtifi: where is orange
(47:03 / Allies) FckReligionSrsl: ok
(47:05 / Allies) FckReligionSrsl: lets end
(47:09 / 6) ankhtifi: I need to avoid until night is over
(47:17 / 5) dolphin_page: his base apparently, didn't know he had it
(47:19 / 5) dolphin_page: mid left above his base
(47:21 / 6) ankhtifi: thank god lawl
(47:28 / 5) dolphin_page: teelo left "thanks for prematurely stabbing making a new smurf now"
(47:31 / All) FckReligionSrsl: leave?
(47:36 / 6) ankhtifi: orange is still here
(47:39 / All) dolphin_page: It isn't over yet, buddy.
(47:43 / 6) ankhtifi: I tought orange left lwal
(47:46 / 5) dolphin_page: yeah
(47:49 / 5) dolphin_page: me too
(47:52 / All) FckReligionSrsl: over
(47:59 / Allies) ankhtifi: stay with me green
(48:02 / Allies) ankhtifi: we need to kill orange
(48:04 / All) dolphin_page: You'll know you lose when it happens.
(48:11 / 6) ankhtifi: where is orange
(48:15 / Allies) FckReligionSrsl: k
(48:26 / 5) dolphin_page: my expo below his old main
(48:29 / Allies) FckReligionSrsl: omw
(48:29 / 5) dolphin_page: tryinjg to kill it with heroes lol
(48:34 / 5) dolphin_page: and has his hippos there too
(48:36 / 5) dolphin_page: made a few chims
(48:45 / 6) ankhtifi: what did teelo say whneb he left
(48:45 / All) RANGERSONLYFTW: stfu bser
(48:54 / 5) dolphin_page: already told you
(49:00 / 6) ankhtifi: i thought I asked but wasn't sure lawl
(49:05 / 5) dolphin_page: no tps
(49:10 / Allies) FckReligionSrsl: ure the tank
(49:11 / Allies) FckReligionSrsl: lol
(49:12 / 5) dolphin_page: my old expo just south of his base
(49:14 / 5) dolphin_page: gogogog
(49:27 / Allies) FckReligionSrsl: kill chimera
(49:30 / All) dolphin_page: HAHAHAHA
(49:37 / All) dolphin_page: He just left when I told him it would be a good idea to get tps
(49:42 / All) dolphin_page: I said "BOOM" and he raged out
(49:47 / All) dolphin_page: Now green can die, good work Turncoat.
(50:03 / Allies) FckReligionSrsl: ?
(50:08 / Allies) FckReligionSrsl: why
(50:10 / All) dolphin_page: I told you green. You'd know it when it happens.
(50:29 / All) ankhtifi: Teal and I have been working in collusion
(50:33 / All) dolphin_page: Two stabs in a row without Teelo knowing his doom.
(50:38 / All) ankhtifi: Blue thought he was in on it, but he doesn't want to play with me
(50:51 / All) FckReligionSrsl: so ur gona lose for teal to win?
(50:53 / 6) ankhtifi: teelo is not very bright tbh
(50:58 / 5) dolphin_page: yeah
(50:59 / All) ankhtifi: indeed, his team has left
(51:05 / All) dolphin_page: Yes, he will unsummon all of his stuff.
(51:08 / All) FckReligionSrsl: when you can wipe him and win?
(51:10 / All) dolphin_page: Bella ciao, ciao, ciao!
(51:13 / All) FckReligionSrsl: doesnt ake much sense
(51:17 / All) dolphin_page: He is 0-0, he doesn't care.
(51:27 / All) FckReligionSrsl: so hes just giving u wins
(51:30 / All) FckReligionSrsl: for no purpose
(51:32 / All) FckReligionSrsl: lol
(51:34 / All) dolphin_page: You are 1-1 now. Time to make a new account. You care about your record.
(51:38 / All) FckReligionSrsl: way to cheat the system
(51:42 / All) dolphin_page: We do this all the time, you are just another victim.
(51:45 / All) FckReligionSrsl: idc about my record
(51:48 / All) dolphin_page: I am 0-0 too. It's not about winning or losing.
(51:50 / All) FckReligionSrsl: i just play for fun
(51:52 / All) dolphin_page: then you would have already left
(52:04 / All) dolphin_page: Is this fun to watch an inevitable loss that you can do absolutely nothing about?
(52:06 / All) dolphin_page: Is it, buddy?
(52:10 / All) FckReligionSrsl: im about to leave now
(52:19 / All) dolphin_page: lol
(52:23 / All) dolphin_page: Which side gets the loss?
(52:23 / All) ankhtifi: let's stats
(52:29 / All) dolphin_page: should we play another with Teelo after?
(52:33 / All) dolphin_page: Red is 17-19
(52:33 / All) ankhtifi: green is 1-0 somehow
(52:35 / All) ankhtifi: yes
(52:43 / All) dolphin_page: oj is 0-0
(52:46 / All) ankhtifi: 1-1 pink
(52:52 / All) ankhtifi: 1-2 yellow
(52:57 / All) dolphin_page: basically all lvl 1s this game
(53:00 / All) ankhtifi: green should lose
(53:03 / All) ankhtifi: so he won't be 2-0
(53:06 / All) ankhtifi: oh
(53:08 / All) ankhtifi: 1-0 still I mean